 Dungeon Crawl Stone Soup version 0.24.0-123-gd5b16e6ec5 (webtiles) character file.

Game seed: 8524007878829337293, levelgen mode: deterministic

4445 brucemayne the Cleaver (level 10, -1/91 HPs)
             Began as a Hill Orc Monk on Jan 23, 2020.
             Was a Priest of the Shining One.
             Slain by a centaur (3 damage)
             ... on level 11 of the Dungeon.
             The game lasted 00:21:49 (4681 turns).

brucemayne the Cleaver (Hill Orc Monk)              Turns: 4681, Time: 00:21:50

Health: -1/91      AC: 10    Str: 18    XL:     10   Next: 37%
Magic:  14/14      EV: 11    Int: 10    God:    the Shining One [***...]
Gold:   540        SH:  8    Dex: 13    Spells: 9/9 levels left

rFire    + . .     SeeInvis .   s - +0 hand axe (elec)
rCold    . . .     Gourm    .   (no shield)
rNeg     + . .     Faith    .   i - +0 ring mail
rPois    +         Spirit   .   o - +0 helmet
rElec    .         Reflect  .   t - +0 cloak
rCorr    .         Harm     .   x - +0 pair of gloves
MR       .....                  F - +0 pair of boots
Stlth    +.........             (no amulet)
HPRegen  0.25/turn              y - ring of poison resistance
MPRegen  0.14/turn              D - ring of protection from fire

@: divine shield, about to teleport, glowing
A: no striking features
a: Divine Shield, Renounce Religion


You were on level 11 of the Dungeon.
You worshipped the Shining One.
The Shining One was most pleased with you.
You were not hungry.

You visited 1 branch of the dungeon, and saw 11 of its levels.

You collected 540 gold pieces.

Inventory:

Hand Weapons
 a - a +0 hand axe
 h - a +0 hunting sling
 j - a +0 hunting sling
 s - a +0 hand axe of electrocution (weapon)
Missiles
 d - 79 poisoned darts (quivered)
 n - 111 stones
 p - 47 sling bullets
Armour
 b - a +0 robe
 i - a +0 ring mail (worn)
 m - a +0 leather armour
 o - a +0 helmet (worn)
 q - a +0 chain mail
 t - a +0 cloak (worn)
 x - a +0 pair of gloves (worn)
 F - a +0 pair of boots (worn)
Jewellery
 y - a ring of poison resistance (left hand)
 C - an uncursed amulet of harm
 D - a ring of protection from fire (right hand)
 E - the ring "Jonohun" {+Inv Stlth-}
   (You found it on level 10 of the Dungeon)

   [ring of attention]

   It lets you turn invisible.
   It makes you less stealthy.
Scrolls
 e - 7 scrolls of identify
 g - 3 scrolls of remove curse
 A - 4 scrolls of enchant weapon {unknown}
Potions
 k - 4 potions of lignification
 B - a potion of haste
Comestibles
 c - 14 rations
 v - 5 chunks of flesh


   Skills:
 - Level 9.0 Fighting
 + Level 14.6 Axes
 - Level 4.7 Armour
 - Level 2.4 Dodging
 - Level 1.5 Stealth
 - Level 5.8 Invocations


You had 9 spell levels left.
You didn't know any spells.
Your spell library contained the following spells:

 Spells                   Type           Power        Failure   Level  Hunger
 Animate Skeleton         Necr           N/A          54%         1    ##.....
 Apportation              Tloc           #.....       54%         1    ##.....
 Confusing Touch          Hex            #.....       54%         1    ##.....
 Flame Tongue             Conj/Fire      #....        54%         1    ##.....
 Summon Small Mammal      Summ           #...         54%         1    ##.....
 Throw Flame              Conj/Fire      #.....       67%         2    ###....
 Conjure Flame            Conj/Fire      #.......     88%         3    ####...
 Inner Flame              Hex/Fire       #.......     88%         3    ####...
 Sticky Flame             Conj/Fire      #.......     99%         4    #####..
 Fireball                 Conj/Fire      #.........   100%        5    ######.


Dungeon Overview and Level Annotations

Branches:
Dungeon (11/15)            Temple (0/1) D:4            Lair (0/6) D:10
    Orc (0/2) D:11

Altars:
Dithmenos
Elyvilon
Fedhas
Hepliaklqana
Okawaru
Ru
Vehumet
The Shining One

Annotations:
D:2 1 runed translucent door, Crazy Yiuf
D:6 exclusion: upstairs
D:8 Psyche


Message History

The killer bee buzzes angrily.
The killer bee buzzes angrily.
The centaur unwields a +0 shortbow.
You block the centaur's attack. The centaur barely misses you.
The centaur hits you but does no damage.
As you read the scroll of teleportation, it crumbles to dust.
You feel strangely unstable. The centaur hits you.
* * * LOW HITPOINT WARNING * * *
A killer bee comes into view.
The centaur hits you but does no damage. x2
Okay, then.
You aren't carrying any items that you can evoke.
Unknown command.
The killer bee buzzes angrily.
You hit the centaur. Lightning courses through the centaur!
The centaur is almost dead.
You hit the centaur.
A killer bee comes into view.
You block the centaur's attack. The centaur hits you.
You die...

#... #..# #...
#..# #...##
#..######
###...#.
#........
.....#. #.......
####...#.
.#######....#
...'.cc##
............#
#..c(y
........@..#
#..###
.......cyc.# #.
........y..'...
#
...........#....
# ..........T#
### ##.
.........y..
....
.............
#...###
.........y####
#...... #......


You could see a troll, 2 centaurs and 4 killer bees.

Vanquished Creatures
  Joseph (D:7)
  2 trolls
  2 hippogriffs (D:10)
  A yak (D:10)
  A basilisk (D:10)
  A wyvern (D:11)
  A water moccasin (D:10)
  Duvessa (D:7)
  An ice beast (D:8)
  3 sky beasts (D:9)
  A necrophage (D:6)
  2 phantoms
  A crocodile (D:10)
  7 centaurs
  A big kobold (D:7)
  3 bullfrogs
  Dowan (D:7)
  5 scorpions
  3 howler monkeys (D:7)
  A crimson imp (D:8)
  A centaur zombie (D:7)
  2 bullfrog zombies
  A centaur skeleton (D:6)
  2 hounds
  An orc priest (D:11)
  2 orc wizards
  An iguana (D:4)
  2 bullfrog skeletons
  4 worker ants
  Natasha (twice) (D:2)
  A killer bee zombie (D:10)
  Robin (D:2)
  A worker ant zombie (D:7)
  9 adders
  A shadow imp (D:8)
  An adder zombie (D:6)
  5 dart slugs
  A leopard gecko (D:1)
  16 orcs
  3 bats (D:1)
  4 giant cockroaches
  19 goblins
  9 hobgoblins
  2 jackals (D:11)
  3 frilled lizards
  11 kobolds
  A leopard gecko skeleton (D:5)
  7 rats
152 creatures vanquished.

Notes
Turn   | Place    | Note
-------+----------+-------------------------------------------
     0 | D:1      | brucemayne the Hill Orc Monk began the quest for the Orb.
     0 | D:1      | Reached XP level 1. HP: 19/19 MP: 1/1
   100 | D:2      | Noticed Natasha
   105 | D:2      | Killed Natasha
   105 | D:2      | Reached skill level 5 in Axes
   105 | D:2      | Reached XP level 2. HP: 5/26 MP: 2/2
   105 | D:2      | Reached XP level 3. HP: 7/31 MP: 3/3
   406 | D:1      | Reached skill level 6 in Axes
   496 | D:2      | Found a white marble altar of Elyvilon.
   580 | D:2      | Noticed Natasha
   595 | D:2      | Killed Natasha
   595 | D:2      | Reached XP level 4. HP: 34/39 MP: 4/4
   626 | D:2      | Noticed a fire elemental
   725 | D:2      | Found a runed translucent door.
   726 | D:2      | Noticed Crazy Yiuf
   774 | D:2      | Reached skill level 7 in Axes
   954 | D:2      | Found an iron altar of Okawaru.
  1050 | D:2      | Reached XP level 5. HP: 32/45 MP: 5/5
  1085 | D:2      | Noticed Robin
  1102 | D:2      | Killed Robin
  1277 | D:3      | Reached skill level 8 in Axes
  1454 | D:3      | Found a radiant altar of Vehumet.
  1454 | D:3      | Found a blossoming altar of Fedhas.
  1458 | D:3      | Reached XP level 6. HP: 41/51 MP: 6/6
  1465 | D:3      | Found a glowing golden altar of the Shining One.
  1467 | D:3      | Found a faded altar of an unknown god.
  1468 | D:3      | Found a shadowy altar of Dithmenos.
  1476 | D:3      | Became a worshipper of the Shining One
  1476 | D:3      | Reached * piety under the Shining One
  1476 | D:3      | Reached ** piety under the Shining One
  1599 | D:4      | Found a staircase to the Ecumenical Temple.
  1623 | D:5      | Entered Level 5 of the Dungeon
  1703 | D:4      | Found a sacrificial altar of Ru.
  1785 | D:5      | Reached skill level 9 in Axes
  1872 | D:5      | Noticed a rust devil
  1872 | D:5      | Noticed an orc warrior
  1872 | D:5      | Noticed a rust devil
  1872 | D:5      | Noticed an orc warrior
  1962 | D:6      | Reached skill level 10 in Axes
  1984 | D:6      | Noticed a necrophage
  1987 | D:6      | Killed a necrophage
  1987 | D:6      | Reached XP level 7. HP: 57/57 MP: 7/7
  2203 | D:7      | Reached skill level 11 in Axes
  2242 | D:8      | Noticed Psyche
  2262 | D:7      | Noticed Joseph
  2315 | D:7      | Found a hazy altar of Hepliaklqana.
  2348 | D:7      | Noticed Duvessa
  2360 | D:7      | Killed Duvessa
  2418 | D:6      | Reached *** piety under the Shining One
  2442 | D:5      | Reached XP level 8. HP: 27/64 MP: 8/8
  2447 | D:5      | Reached skill level 12 in Axes
  2481 | D:6      | Reached skill level 1 in Invocations
  2485 | D:6      | Reached skill level 1 in Armour
  2695 | D:7      | HP: 4/96 [Joseph/+0 quarterstaff (10)]
  2697 | D:7      | Noticed Dowan
  2705 | D:7      | Killed Joseph
  2705 | D:7      | Killed Dowan
  2709 | D:7      | Reached skill level 5 in Invocations
  3062 | D:9      | Reached XP level 9. HP: 71/71 MP: 13/13
  3101 | D:10     | Entered Level 10 of the Dungeon
  3101 | D:10     | Found a staircase to the Lair.
  3101 | D:10     | Noticed an elephant
  3277 | D:8      | Reached skill level 5 in Fighting
  3473 | D:9      | Noticed a troll
  3488 | D:9      | Killed a troll
  3666 | D:9      | Reached skill level 13 in Axes
  3734 | D:10     | Got a flickering wooden ring
  3744 | D:10     | Identified the ring "Jonohun" {+Inv Stlth-} (You found it
                  | on level 10 of the Dungeon)
  3817 | D:10     | Noticed a two-headed ogre
  3979 | D:11     | Noticed a cyan ugly thing
  4041 | D:10     | Reached XP level 10. HP: 61/88 MP: 10/14
  4081 | D:10     | Noticed a gargoyle
  4112 | D:10     | Reached skill level 14 in Axes
  4595 | D:11     | Found a staircase to the Orcish Mines.
  4678 | D:11     | HP: 4/91 [centaur/arrow (7)]
  4681 | D:11     | Slain by a centaur

Levels and vault maps discovered:
D:1:      eino_arrival_water_cross, layout_basic
D:2:      layout_basic, okawaru_ov_weapons_minmay,
          nicolae_qazlal_style_of_elements, first_ration,
          hangedman_decor_points, elyvilon_altar_5, uniq_robin,
          uniq_crazy_yiuf_cottage, uniq_natasha
D:3:      cheibrodos_helix_gallery, layout_basic,
          chequers_temple_overflow_minitemple
D:4:      layout_loops_ring, nicolae_overflow_hidden_temple,
          grunt_gozag_statues, minmay_temple_entry_offerings,
          kennysheep_generic_room_4
D:5:      cheibrodos_iron_armory, layout_basic, lemuel_coloured_pillars_altar,
          minmay_manual_monstrance, uniq_grinder
D:6:      layout_rooms
D:7:      layout_basic, lemuel_round_altar, trog_hazing_becter, uniq_duvessa,
          uniq_joseph
D:8:      layout_basic, uniq_psyche
D:9:      layout_basic, serial_glass, glass_columns_c, glass_columns_a,
          glass_columns_a, glass_columns_a, minmay_strange_pillars,
          feat_on_display, due_unseen_surprise, minmay_strange_pillars
D:10:     layout_irregular_city, david_lair_generic
D:11:     layout_irregular_city, minmay_orc_entry_guard_dogs, uniq_harold

Skill      XL: |  1  2  3  4  5  6  7  8  9 10 |
---------------+-------------------------------+-----
Axes           | 5 6 7 8 10 11 12 13 14 | 14.6
Invocations    | 5 |  5.8
Armour         | 4 |  4.7
Fighting       | 8 9 |  9.0
Dodging        | |  2.4
Stealth        | |  1.5

Action                   |  1- 3 |  4- 6 |  7- 9 | 10-12 || total
-------------------------+-------+-------+-------+-------++-------
Melee: Hand axe          |    61 |   184 |   228 |    76 ||   549
Throw: Dart              |    15 |    21 |    11 |     2 ||    49
Invok: Divine Shield     |       |       |     2 |     4 ||     6
  Use: Potion            |     1 |     1 |     8 |     2 ||    12
       Scroll            |       |     2 |     2 |    13 ||    17
 Stab: Sleeping          |     1 |       |       |       ||     1
  Eat: Chunk             |       |     1 |     2 |     3 ||     6
       Ration            |       |     1 |     1 |       ||     2
Armor: Robe              |     6 |       |       |       ||     6
       Ring mail         |    14 |    57 |    95 |    34 ||   200
       Skin              |       |       |     7 |       ||     7
Dodge: Dodged            |    39 |   101 |    99 |    40 ||   279
Block: Other             |       |       |     4 |    31 ||    35
